 Dungeon Crawl Stone Soup version 0.19.1 (console) character file.

241845 Schnappi the Executioner (level 19, -5/258 HPs)
             Began as a Minotaur Fighter on Dec 11, 2016.
             Was the Champion of Okawaru.
             Slain by a fire giant
             ... wielding a +1 great sword of flaming
              (8 damage)
             ... on level 4 of the Vaults.
             The game lasted 02:52:44 (42027 turns).

Schnappi the Executioner (Minotaur Fighter)        Turns: 42027, Time: 02:52:44

Health: -5/258     AC: 34    Str: 31    XL:     19   Next: 8%
Magic:  22/22      EV: 27    Int:  5    God:    Okawaru [******]
Gold:   605        SH:  0    Dex: 22    Spells: 0 memorised, 18 levels left

rFire  . . .     SeeInvis +     O - +5 exec axe {flame, Dex+7}
rCold  + + +     Gourm    .     w - +13 ice dragon scales "Bigoim" {rF- rC++ Slay+2}
rNeg   . . .     Faith    .     (shield currently unavailable)
rPois  .         Spirit   .     u - +2 hat
rElec  .         Reflect  .     (no cloak)
rCorr  .         Harm     .     A - +1 pair of gloves of Voasm {*Drain rC+ Str+2 SInv}
MR     ++...                    (no boots)
Stlth  ..........               Y - amulet of rage
                                H - ring of protection from magic
                                c - ring of protection from fire

@: berserking, very quick
A: retaliatory headbutt, horns 2, yellow scales 1, mutation resistance 1
a: Heroism, Finesse, Renounce Religion, Evoke Berserk Rage
}: 1/15 runes: serpentine


You were on level 4 of the Vaults.
You worshipped Okawaru.
Okawaru was exalted by your worship.
You were not hungry.

You visited 9 branches of the dungeon, and saw 35 of its levels.

You collected 2663 gold pieces.
You spent 2058 gold pieces at shops.

Inventory:

Hand Weapons
 x - a +0 morningstar of holy wrath
 O - the +5 executioner's axe of Peace (weapon) {flame, Dex+7}
   (Okawaru gifted it to you on level 3 of the Snake Pit)

   It has been specially enchanted to burn those struck by it, causing extra
   injury to most foes and up to half again as much damage against particularly
   susceptible opponents.
   Big, fiery blades are also staple armaments of hydra-hunters.
   It affects your dexterity (+7).
 Z - the +5 battleaxe "Spiderslayer" {flame, Str+7}
   (Okawaru gifted it to you on level 6 of the Lair of Beasts)

   It has been specially enchanted to burn those struck by it, causing extra
   injury to most foes and up to half again as much damage against particularly
   susceptible opponents.
   Big, fiery blades are also staple armaments of hydra-hunters.
   It affects your strength (+7).
Armour
 r - a +0 plate armour of fire resistance
 u - a +2 hat (worn)
 w - the +13 ice dragon scales "Bigoim" (worn) {rF- rC++ Slay+2}
   (You found it on level 9 of the Dungeon)

   It affects your accuracy and damage with ranged weapons and melee attacks
   (+2).
   It makes you vulnerable to fire.
   It greatly protects you from cold.
 A - the +1 pair of gloves of Voasm (worn) {*Drain rC+ Str+2 SInv}
   (You bought it in a shop on level 3 of the Vaults)

   It affects your strength (+2).
   It protects you from cold.
   It lets you see invisible.
   It causes draining when unequipped.
Jewellery
 c - a ring of protection from fire (left hand)
 g - an uncursed ring of poison resistance
 m - an uncursed ring of resist corrosion
 z - an uncursed ring of positive energy
 H - a ring of protection from magic (right hand)
 Y - an amulet of rage (around neck)
Wands
 a - a wand of slowing (24/48)
 e - a wand of lightning (7/15)
 k - a wand of random effects (21/48)
 q - a wand of hasting (1/9)
 s - a wand of flame (24/48)
 v - a wand of confusion (12/48)
 V - a wand of paralysis (11/24)
Scrolls
 d - 2 scrolls of teleportation
 h - 5 scrolls of magic mapping
 i - 6 scrolls of fog
 o - 12 scrolls of identify
 p - 8 scrolls of enchant weapon
 y - a scroll of silence {unknown}
 D - 3 scrolls of blinking
 F - 2 scrolls of holy word
 N - 4 scrolls of remove curse
 P - 6 scrolls of recharging
 W - a scroll of summoning
Potions
 j - 2 potions of cure mutation
 l - 3 potions of haste
 n - 6 potions of flight
 t - 2 potions of cancellation
 C - 4 potions of curing
 E - 4 potions of agility
 G - a potion of resistance
 J - 3 potions of might
 K - 2 potions of brilliance
 M - 2 potions of invisibility
Comestibles
 b - 12 meat rations
 f - 11 bread rations


   Skills:
 + Level 16.1 Fighting
   Level 5.5 Short Blades
 + Level 24.5 Axes
 + Level 15.0 Armour
 - Level 19.0 Dodging
   Level 3.6 Shields
 - Level 5.4 Invocations


You had 18 spell levels left.
You didn't know any spells.

Dungeon Overview and Level Annotations

Branches:
Dungeon (15/15)            Temple (1/1) D:6            Lair (6/6) D:8
 Shoals (0/4) Lair:2        Snake (4/4) Lair:4        Slime (0/5) Lair:5
    Orc (2/2) D:9             Elf (1/3) Orc:2        Vaults (4/5) D:13
  Crypt (1/3) Vaults:2     Depths (1/5) D:15

Altars:
Ashenzari
Cheibriados
Dithmenos
Elyvilon
Fedhas
Gozag
Hepliaklqana
Kikubaaqudgha
Makhleb
Nemelex Xobeh
Okawaru
Qazlal
Ru
Sif Muna
Trog
Uskayaw
Vehumet
Xom
Yredelemnul
Zin
The Shining One
Beogh
Lugonu

Shops:
D:5 =!%   D:12 (   D:15 %(   Snake:1 ==}   Vaults:3 [   Vaults:4 (

Portals:
Hell: Lair:6

Annotations:
D:5 gud shop
D:6 exclusion: statue
Snake:4 Vashnia


Innate Abilities, Weirdness & Mutations

You reflexively headbutt those who attack you in melee.
You have a pair of horns on your head.
You are partially covered in yellow scales. (AC +2)
You are somewhat resistant to further mutation.


Message History

You hit the fire giant.
The fire giant hits you with a great sword of flaming!
* * * LOW HITPOINT WARNING * * *
The fire giant burns you.
* * * LOW HITPOINT WARNING * * *
The vault warden hits you but does no damage.
A red film seems to cover your vision as you go berserk!
You feel yourself moving faster!
You feel mighty!
The vault warden hits you but does no damage.
The fire giant casts a spell at you.
The fireball explodes!
The fireball engulfs you!
* * * LOW HITPOINT WARNING * * *
The fireball engulfs the fire giant.
The fire giant resists.
You hear a shout! x2
You are too berserk!
You slice the fire giant!!
The fire giant is severely wounded.
The vault warden completely misses you.
The fire giant hits you with a great sword of flaming!
You die...

'###### .......
.......
.......#########
.......#.......#
.....op#.......#
.....ppC@[.....#
########.(.....#
#.......#
#.......#
#.......#
#.......#
#.......#
#########


You could see an ironheart preserver, a fire giant, a vault warden, an orc
knight and an ironbrand convoker.

Vanquished Creatures
  Rupert (Lair:4)
  An ancient champion (Vaults:2)
  A sphinx (Vaults:3)
  A storm dragon (Vaults:4)
  A shadow dragon (Vaults:4)
  A tengu reaver (Vaults:3)
  A fire giant (Vaults:4)
  2 frost giants
  8 nagarajas
  7 vault wardens
  Aizul (Snake:3)
  2 deep elf sorcerers (Vaults:2)
  7 ironheart preservers
  2 very ugly things
  4 stone giants (Vaults:3)
  2 entropy weavers
  A vampire knight (Vaults:2)
  2 dire elephants
  An ettin (Vaults:4)
  A jiangshi (Vaults:2)
  3 fire dragons
  5 yaktaur captains
  A great orb of eyes (Vaults:4)
  12 naga warriors
  3 ice dragons
  6 centaur warriors
  8 vault guards
  4 hydras (Lair:6)
  2 rakshasas
  7 anacondas
  A dancing weapon (Vaults:4)
  3 death yaks (Lair:6)
  2 tengu warriors
  6 ogre magi
  18 naga sharpshooters
  7 shock serpents
  Urug (D:10)
  Sonja (D:15)
  A sun demon (Lair:6)
  A sixfirhy (Lair:6)
  3 skeletal warriors (D:15)
  3 unseen horrors
  2 salamander mystics (Snake:3)
  2 shadow wraiths (Vaults:2)
  10 deep trolls
  3 wizards
  A sea snake (Snake:1)
  8 naga ritualists
  8 hill giants
  4 deep elf archers
  12 ironbrand convokers
  A glowing orange brain (Vaults:1)
  Pikel (D:7)
  A flayed ghost (Vaults:3)
  4 deep elf magi
  12 orc knights
  A phantasmal warrior (Vaults:4)
  A tengu skeleton (Vaults:3)
  8 harpies
  3 necromancers
  2 orc sorcerers
  12 mana vipers
  20 ugly things
  12 slime creatures
  3 elephants (Lair:2)
  A stone giant zombie (Vaults:3)
  4 wolf spiders
  8 cyclopes
  A manticore (Lair:4)
  14 salamanders
  Maurice (D:8)
  28 black mambas
  4 guardian serpents
  15 naga magi
  8 vault sentinels
  A black mamba (shapeshifter) (Vaults:1)
  2 orange demons (Lair:6)
  A gargoyle (D:10)
  A smoke demon (Lair:6)
  12 spiny frogs
  An efreet (D:14)
  8 rime drakes
  5 freezing wraiths
  4 kobold demonologists
  8 komodo dragons
  14 yaktaurs
  A tengu conjurer (D:14)
  4 ice devils (Lair:6)
  A queen bee (Lair:2)
  A jumping spider (shapeshifter) (Vaults:1)
  A queen bee (shapeshifter) (Vaults:3)
  10 trolls
  3 meliai (D:13)
  The ghost of veneficus the Basher, an amateur MiBe of Trog (D:4)
  3 hornets
  A polar bear (Lair:5)
  A two-headed ogre (shapeshifter) (Vaults:1)
  8 blink frogs
  18 hippogriffs
  A fire giant simulacrum (Vaults:3)
  14 two-headed ogres
  7 dream sheep (Lair:6)
  A raiju (shapeshifter) (Vaults:1)
  An ettin skeleton (Vaults:3)
  4 shadows
  3 redbacks (Vaults:2)
  13 wyverns
  39 yaks
  5 wraiths
  3 hogs (D:7)
  3 fire bats (Lair:3)
  8 basilisks
  A human (D:7)
  A hungry ghost (D:14)
  3 vampire mosquitoes (D:15)
  A mottled dragon (D:15)
  A warg (shapeshifter) (Vaults:3)
  61 nagas
  4 wargs
  A soldier ant (D:10)
  Duvessa (D:7)
  10 porcupines
  A hell hound (Lair:6)
  14 water moccasins
  4 ice beasts
  2 eyes of draining
  33 orc warriors
  3 black bears
  2 slaves (D:7)
  A hornet zombie (D:13)
  The ghost of GordonOverkill the Skirmisher, an amateur MiEE of Okawaru (D:3)
  An ogre (shapeshifter) (Vaults:3)
  A necrophage (D:15)
  19 ogres
  8 boggarts
  2 phantoms
  3 sky beasts
  A human zombie (Vaults:3)
  21 centaurs
  A centaur (shapeshifter) (D:9)
  14 crocodiles
  8 big kobolds
  14 bullfrogs
  A gnoll sergeant (D:9)
  5 scorpions
  2 water moccasin skeletons
  Dowan (D:7)
  33 killer bees
  4 wights (D:15)
  A howler monkey (D:5)
  4 electric eels
  10 crimson imps
  4 bullfrog zombies
  3 centaur zombies
  A human simulacrum (Vaults:1)
  3 bullfrog skeletons
  6 hounds
  23 orc wizards
  13 orc priests
  4 centaur skeletons
  3 jellies
  2 iguanas
  16 worker ants
  A killer bee zombie (D:8)
  A hound zombie (D:6)
  2 hound skeletons (D:7)
  2 worker ant zombies
  23 adders
  26 gnolls
  A shadow imp (D:10)
  12 white imps
  An ooze (D:2)
  4 worms
  5 dart slugs
  9 leopard geckos
  115 orcs
  7 bats
  A bat skeleton (D:2)
  8 giant cockroaches
  36 goblins
  23 hobgoblins
  11 jackals
  4 quokkas
  5 ball pythons
  2 frilled lizards
  A giant cockroach zombie (D:6)
  A jackal skeleton (D:2)
  49 kobolds
  2 leopard gecko zombies
  A quokka skeleton (D:4)
  10 rats
  9 fungi
  3 plants
1324 creatures vanquished.

Vanquished Creatures (collateral kills)
  3 white imps (Lair:6)
3 creatures vanquished.

Vanquished Creatures (others)
  A hydra (Lair:5)
  A naga (Snake:4)
  An orc warrior (Orc:2)
  2 slaves (D:7)
  A boggart (Vaults:1)
  A hound (D:14)
  An orc wizard (D:7)
  An orc (D:7)
  8 fungi
  13 plants
30 creatures vanquished.

Grand Total: 1357 creatures vanquished

Notes
Turn   | Place    | Note
-------+----------+-------------------------------------------
     0 | D:1      | Schnappi the Minotaur Fighter began the quest for the Orb.
     0 | D:1      | Reached XP level 1. HP: 19/19 MP: 0/0
   165 | D:1      | Reached skill level 3 in Axes
   249 | D:1      | Reached XP level 2. HP: 26/26 MP: 1/1
   581 | D:2      | Reached skill level 4 in Axes
   604 | D:2      | Reached XP level 3. HP: 29/31 MP: 2/2
   632 | D:2      | Found a faded altar of an unknown god.
   664 | D:2      | Found a sparkling altar of Nemelex Xobeh.
   866 | D:2      | Reached skill level 5 in Axes
   881 | D:2      | Reached XP level 4. HP: 20/39 MP: 3/3
   927 | D:2      | HP: 1/39 [poisoned by an adder]
  1566 | D:2      | Found a deep blue altar of Sif Muna.
  1610 | D:2      | Found a white marble altar of Elyvilon.
  1620 | D:2      | Reached skill level 6 in Axes
  2035 | D:3      | Reached XP level 5. HP: 43/45 MP: 4/4
  2085 | D:3      | Reached skill level 7 in Axes
  2119 | D:3      | Found a shadowy altar of Dithmenos.
  2126 | D:3      | Noticed a phantom
  2141 | D:3      | Killed a phantom
  2141 | D:3      | Reached XP level 6. HP: 42/51 MP: 5/5
  2478 | D:3      | Reached skill level 8 in Axes
  3113 | D:3      | Noticed GordonOverkill's ghost (amateur MiEE)
  3181 | D:3      | Killed GordonOverkill's ghost
  3181 | D:3      | Reached skill level 9 in Axes
  3181 | D:3      | Reached XP level 7. HP: 53/57 MP: 6/6
  3530 | D:3      | Reached skill level 10 in Axes
  3860 | D:4      | Found a basalt altar of Yredelemnul.
  3918 | D:4      | Noticed veneficus's ghost (amateur MiBe)
  3936 | D:4      | Killed veneficus's ghost
  3936 | D:4      | Reached skill level 11 in Axes
  3936 | D:4      | Reached XP level 8. HP: 48/64 MP: 7/7
  4137 | D:4      | Got a sparkling bone ring
  4191 | D:4      | Reached skill level 1 in Dodging
  4353 | D:4      | Identified the ring "Walucel" {Ice Str-4 Int+9 Dex-2 Stlth+} (You found it on level 4 of the Dungeon)
  4751 | D:5      | Entered Level 5 of the Dungeon
  4944 | D:5      | Found Roqauro's Distillery.
  4963 | D:5      | Found Ocaugi Jodghe's Jewellery Emporium.
  5097 | D:5      | Found a glowing silver altar of Zin.
  5393 | D:5      | Reached skill level 12 in Axes
  5537 | D:5      | Found Aqa Seni's Food Emporium.
  6096 | D:6      | Found a radiant altar of Vehumet.
  6246 | D:6      | Reached skill level 5 in Dodging
  6246 | D:6      | Reached XP level 9. HP: 65/70 MP: 6/8
  6442 | D:6      | Found a staircase to the Ecumenical Temple.
  6452 | D:6      | Gained mutation: Your spells are a little harder to cast, but a little more powerful. [mutagenic meat]
  6453 | D:6      | Gained mutation: You are weak. (Str -2) [mutagenic meat]
  6468 | D:7      | Noticed Dowan
  6469 | D:7      | Noticed Duvessa
  6479 | D:7      | Killed Dowan
  6483 | D:7      | Killed Duvessa
  6483 | D:7      | Reached skill level 13 in Axes
  6764 | D:7      | Noticed Pikel
  6778 | D:7      | Killed Pikel
  6815 | Temple   | Entered the Ecumenical Temple
  6925 | Temple   | Became a worshipper of Warmaster Okawaru
  7285 | D:5      | Bought a potion of cure mutation for 325 gold pieces
  7288 | D:5      | Lost mutation: You are weak. (Str -2) [potion of cure mutation]
  7288 | D:5      | Lost mutation: Your spells are a little harder to cast, but a little more powerful. [potion of cure mutation]
  7289 | D:5      | Gained mutation: You are partially covered in yellow scales. (AC +2) [potion of beneficial mutation]
  7290 | D:5      | Gained mutation: You are somewhat resistant to further mutation. [potion of beneficial mutation]
  7894 | D:7      | Found a snail-covered altar of Cheibriados.
  7907 | D:7      | Reached * piety under Okawaru
  8089 | D:7      | Reached skill level 14 in Axes
  8214 | D:7      | Reached XP level 10. HP: 64/78 MP: 7/9
  8335 | D:7      | Reached skill level 5 in Fighting
  8336 | D:7      | Reached ** piety under Okawaru
  8582 | D:8      | Noticed Maurice
  8855 | D:8      | Killed Maurice
  8871 | D:8      | Got a crude ring mail
  8919 | D:7      | Identified the +6 ring mail of the Hanged Man {Str+2} (You took it off a kobold on level 8 of the Dungeon)
  8950 | D:8      | Found a glowing golden altar of the Shining One.
  9113 | D:8      | Found a staircase to the Lair.
  9238 | Lair:1   | Entered Level 1 of the Lair of Beasts
  9448 | D:9      | Reached skill level 15 in Axes
  9455 | D:9      | Noticed a cyclops
  9567 | D:9      | Killed a cyclops
  9567 | D:9      | Reached *** piety under Okawaru
 10053 | D:9      | Noticed a cyclops
 10480 | D:9      | Found a staircase to the Orcish Mines.
 10579 | D:9      | Got opal-studded ice dragon scales
 10672 | D:9      | Found a hazy altar of Hepliaklqana.
 10721 | D:9      | Killed a cyclops
 10857 | D:9      | Reached skill level 1 in Short Blades
 10859 | D:9      | Reached XP level 11. HP: 90/95 MP: 10/10
 10945 | D:10     | Entered Level 10 of the Dungeon
 10948 | D:10     | Reached **** piety under Okawaru
 10949 | D:10     | Noticed Urug
 11016 | Orc:1    | Entered Level 1 of the Orcish Mines
 11116 | Orc:2    | Entered Level 2 of the Orcish Mines
 11634 | Orc:2    | Reached skill level 16 in Axes
 11653 | Orc:2    | Found a staircase to the Elven Halls.
 12067 | Orc:2    | Noticed an orc knight
 12077 | Orc:2    | Killed an orc knight
 12160 | Orc:2    | Noticed an orc sorcerer
 12160 | Orc:2    | Noticed an orc high priest
 12162 | Orc:2    | Noticed an orc sorcerer
 12233 | Elf:1    | Entered Level 1 of the Elven Halls
 12233 | Elf:1    | Noticed a deep elf mage
 12237 | Elf:1    | Killed a deep elf mage
 12237 | Elf:1    | Reached ***** piety under Okawaru
 12332 | Elf:1    | Noticed a deep elf mage
 12332 | Elf:1    | Noticed a deep elf mage
 12332 | Elf:1    | Noticed a deep elf mage
 12332 | Elf:1    | Noticed a deep elf mage
 12631 | Orc:2    | Found a roughly hewn altar of Beogh.
 12636 | Orc:2    | Reached skill level 5 in Short Blades
 12723 | Orc:2    | Noticed an orc knight
 12743 | Orc:2    | Killed an orc knight
 13394 | Orc:2    | Noticed a sun demon
 13808 | Orc:2    | Reached skill level 10 in Fighting
 14042 | Lair:1   | Received a gift from Okawaru
 14337 | Lair:1   | Reached skill level 5 in Armour
 14729 | Lair:1   | Reached XP level 12. HP: 107/107 MP: 11/11
 15382 | Lair:2   | Found a staircase to the Shoals.
 15411 | Lair:2   | Reached skill level 17 in Axes
 16659 | Lair:3   | Found a dark tunnel.
 16664 | Lair:3   | Reached skill level 10 in Armour
 17380 | Lair:4   | Identified the +13 ice dragon scales "Bigoim" {rF- rC++ Slay+2} (You found it on level 9 of the Dungeon)
 17558 | D:5      | Bought an uncursed ring of fire for 375 gold pieces
 17577 | D:5      | Bought an uncursed ring of protection from magic for 375 gold pieces
 17798 | Lair:4   | Noticed Rupert
 17806 | Lair:4   | Paralysed by Rupert for 2 turns
 17819 | Lair:4   | Noticed an ice dragon
 17823 | Lair:4   | Killed Rupert
 17823 | Lair:4   | Reached ****** piety under Okawaru
 17840 | Lair:4   | Killed an ice dragon
 17840 | Lair:4   | Reached skill level 18 in Axes
 17840 | Lair:4   | Reached XP level 13. HP: 79/116 MP: 8/12
 18100 | Lair:4   | Received a gift from Okawaru
 18100 | Lair:4   | Reached skill level 10 in Dodging
 18103 | Lair:4   | Got a bloodstained war axe {god gift}
 18326 | Lair:4   | Identified the +7 war axe of No Interval {venom, +Inv rPois rC+ Str-3 Dex+2} (Okawaru gifted it to you on level 4 of the Lair of Beasts)
 18582 | Lair:4   | Found a staircase to the Snake Pit.
 19351 | Lair:4   | Identified a scroll of acquirement
 20085 | Lair:5   | Found a staircase to the Slime Pits.
 20411 | Lair:6   | Entered Level 6 of the Lair of Beasts
 20567 | Lair:6   | Found a frozen archway.
 20733 | Lair:6   | Noticed a dire elephant
 20736 | Lair:6   | Reached skill level 19 in Axes
 20803 | Lair:6   | Killed a dire elephant
 21406 | Lair:6   | Received a gift from Okawaru
 21407 | Lair:6   | Got an iridescent battleaxe {god gift}
 21504 | Lair:6   | Identified the +5 battleaxe "Spiderslayer" {flame, Str+7} (Okawaru gifted it to you on level 6 of the Lair of Beasts)
 21634 | Lair:6   | Reached XP level 14. HP: 124/124 MP: 13/13
 21759 | Lair:6   | Received a gift from Okawaru
 21767 | Lair:6   | Found a burning altar of Makhleb.
 22603 | Lair:6   | Found a gateway to Hell.
 23154 | D:10     | Killed Urug
 23154 | D:10     | Reached skill level 20 in Axes
 24764 | D:11     | Found an opulent altar of Gozag.
 25318 | D:12     | Found Lyse's Weapon Shop.
 25645 | D:12     | Found a flagged portal.
 26067 | D:13     | Found a gate to the Vaults.
 26282 | D:12     | Received a gift from Okawaru
 26288 | D:12     | Got an iridescent war axe {god gift}
 26289 | D:12     | Identified the +4 war axe "Odaifodwyi" {protect, Int+4 Dex-3} (Okawaru gifted it to you on level 12 of the Dungeon)
 26715 | D:13     | Got a distressingly furry buckler
 27380 | D:14     | Received a gift from Okawaru
 27528 | D:14     | Reached XP level 15. HP: 137/137 MP: 14/14
 27696 | D:15     | Entered Level 15 of the Dungeon
 27755 | D:15     | Noticed Sonja
 27763 | D:15     | Killed Sonja
 28027 | D:15     | Found Avvituric's Antique Weapon Shop.
 28151 | D:15     | Found Geonemor's Food Shoppe.
 28331 | D:15     | Found a staircase to the Depths.
 28504 | Depths:1 | Entered Level 1 of the Depths
 28541 | D:15     | Received a gift from Okawaru
 28929 | Snake:1  | Entered Level 1 of the Snake Pit
 29104 | Snake:1  | Reached skill level 15 in Fighting
 30213 | Snake:1  | Reached skill level 1 in Invocations
 30463 | Snake:1  | Received a gift from Okawaru
 30612 | Snake:1  | Found Ykenop's Gadget Boutique.
 30612 | Snake:1  | Found Yptienic's Jewellery Emporium.
 30613 | Snake:1  | Found Yntyira's Jewellery Emporium.
 30636 | Snake:1  | Bought an uncursed ring of protection from fire for 425 gold pieces
 30636 | Snake:1  | Bought an uncursed ring of resist corrosion for 340 gold pieces
 31222 | Snake:1  | Reached XP level 16. HP: 144/150 MP: 17/17
 31736 | Snake:2  | Reached skill level 5 in Invocations
 32149 | Snake:2  | Found a shadowy altar of Dithmenos.
 32619 | Snake:3  | Noticed Aizul
 32631 | Snake:3  | Killed Aizul
 32631 | Snake:3  | Received a gift from Okawaru
 32632 | Snake:3  | Got a smoking executioner's axe {god gift}
 32730 | Snake:3  | Identified the +5 executioner's axe of Peace {flame, Dex+7} (Okawaru gifted it to you on level 3 of the Snake Pit)
 33161 | Snake:3  | Reached skill level 21 in Axes
 33442 | Snake:3  | Received a gift from Okawaru
 33790 | Snake:4  | Entered Level 4 of the Snake Pit
 34036 | Snake:4  | Reached skill level 15 in Dodging
 34745 | Snake:4  | Noticed Vashnia
 35203 | Snake:4  | Reached XP level 17. HP: 118/157 MP: 20/20
 35733 | Snake:4  | Got a serpentine rune of Zot
 35874 | Snake:4  | Reached skill level 22 in Axes
 36233 | Vaults:1 | Entered Level 1 of the Vaults
 37070 | Vaults:1 | Received a gift from Okawaru
 38692 | Vaults:2 | Reached skill level 23 in Axes
 38970 | Vaults:2 | Found a staircase to the Crypt.
 38976 | Crypt:1  | Entered Level 1 of the Crypt
 39098 | Vaults:2 | Received a gift from Okawaru
 39099 | Vaults:2 | Got a fine hand axe {god gift}
 39142 | Vaults:2 | Reached XP level 18. HP: 90/166 MP: 21/21
 39950 | Vaults:3 | Received a gift from Okawaru
 40789 | Vaults:3 | Reached skill level 24 in Axes
 41114 | Vaults:3 | Received a gift from Okawaru
 41141 | Vaults:3 | Found Irghupt's Antique Armour Emporium.
 41148 | Vaults:3 | Identified the +9 hand axe "Nelu" {freeze, +Blink rPois Str-4 Int+3} (Okawaru gifted it to you on level 2 of the Vaults)
 41182 | Vaults:3 | Bought a pair of heavily runed gloves for 218 gold pieces
 41194 | Vaults:3 | Identified the +1 pair of gloves of Voasm {*Drain rC+ Str+2 SInv} (You bought it in a shop on level 3 of the Vaults)
 41518 | Vaults:4 | Found Kuici's Antique Weapon Shop.
 41820 | Vaults:4 | Received a gift from Okawaru
 41820 | Vaults:4 | Reached XP level 19. HP: 82/172 MP: 19/22
 42016 | Vaults:4 | Reached skill level 15 in Armour
 42026 | Vaults:4 | HP: 3/258 [fire giant/fireball (34)]
 42027 | Vaults:4 | Slain by a fire giant

Skill      XL: |  1  2  3  4  5  6  7  8  9 10 11 12 13 14 15 16 17 18 19 |
---------------+----------------------------------------------------------+-----
Axes           | 3 4 5 6 7 9 11 12 14 15 16 18 19 20 21 23 24 | 24.5
Dodging        | 5 8 9 12 13 15 17 19 | 19.0
Fighting       | 4 8 10 11 13 15 16 | 16.1
Short Blades   | 1 5 |  5.5
Armour         | 6 10 12 14 15 | 15.0
Invocations    | 3 5 |  5.4
Shields        | |  3.6

Action                   |  1- 3 |  4- 6 |  7- 9 | 10-12 | 13-15 | 16-18 | 19-21 || total
-------------------------+-------+-------+-------+-------+-------+-------+-------++-------
Melee: War axe           |    78 |   205 |   430 |   193 |   190 |       |       ||  1096
       Headbutt          |     5 |    22 |    83 |   156 |   261 |   310 |     9 ||   846
       Battleaxe         |       |       |       |   520 |   742 |   859 |       ||  2121
       Glaive            |       |       |       |       |    18 |       |       ||    18
       Executioner's axe |       |       |       |       |       |    84 |    20 ||   104
Throw: Tomahawk          |       |       |       |     4 |       |       |       ||     4
Invok: Heroism           |       |       |       |     1 |     2 |     2 |     1 ||     6
Evoke: Wand              |       |       |       |     3 |     2 |     1 |       ||     6
       Box of beasts     |       |       |       |       |     2 |       |       ||     2
       Fan of gales      |       |       |       |       |     1 |       |       ||     1
  Use: Potion            |       |     3 |     3 |     4 |     3 |     4 |     2 ||    19
       Scroll            |       |       |    15 |     7 |    22 |     4 |     1 ||    49
 Stab: Fleeing           |       |       |       |       |       |     2 |       ||     2
  Eat: Beef jerky        |       |     2 |     1 |     1 |     4 |     3 |       ||    11
       Pizza             |       |     1 |       |     7 |       |     1 |       ||     9
       Chunk             |       |     3 |     2 |    15 |    12 |     1 |       ||    33
       Bread ration      |       |       |     2 |       |     1 |     2 |       ||     5
       Fruit             |       |       |     1 |       |     9 |     8 |       ||    18
       Meat ration       |       |       |     1 |       |       |     2 |       ||     3
       Royal jelly       |       |       |       |     2 |     7 |     2 |       ||    11
Armor: Scale mail        |    37 |    88 |    22 |       |       |       |       ||   147
       Ring mail         |       |       |    92 |   248 |       |       |       ||   340
       Ice dragon scales |       |       |       |    17 |   465 |   381 |    10 ||   873
Dodge: Dodged            |    18 |    67 |   146 |   514 |   642 |   759 |    20 ||  2166
Block: Shield            |    31 |   112 |   164 |    84 |       |       |       ||   391
